MWL (24 & UNDER)
WISCONSIN RAPIDS RANGERS @ LEE'S SUMMIT TIGERS
08/24/2026
 
TOP OF THE 1ST
Wisconsin Rapids Rangers batting - Pitching for Lee's Summit Tigers : LHP Jeff Sandusky
Pitching: LHP Jeff Sandusky
Batting: RHB Pedro Ramírez 0-0: Ball
1-0: Called Strike
1-1: Foul Ball, location: 2F
1-2: Ball
2-2: Ball
3-2: Foul Ball, location: 2F
3-2: DOUBLE (Groundball, 5L)
Batting: RHB Luis López 0-0: Ball
1-0: SINGLE (Groundball, 6D)
Pedro Ramírez to third
Runner from 3rd tries for Home, SAFE, throw made home
Luis López to second
Batting: RHB Juan García 0-0: Called Strike
0-1: Foul Ball, location: 2F
0-2: Foul Ball, location: 2F
0-2: Ball
1-2: Foul Ball, location: 2F
1-2: Ball
2-2: Foul Ball, location: 2F
2-2: Ground out 5-3 (Groundball, 56)
Batting: RHB Eric Thompson 0-0: Ball
1-0: Ball
2-0: Ball
3-0: Called Strike
3-1: Base on Balls
Batting: RHB Jesús Santos 0-0: Swinging Strike
0-1: Foul Ball, location: 2F
0-2: Ball
1-2: Foul Ball, location: 2F
1-2: Foul Ball, location: 2F
1-2: Strikes out swinging
Batting: RHB Kevin Smith 0-0: Ball
1-0: Ball
2-0: Foul Ball, location: 2F
2-1: Ball
3-1: Called Strike
3-2: SINGLE (Line Drive, 7LS)
Luis López to third
Eric Thompson to second
Luis López scores
Eric Thompson to third
Batting: LHB Ronald Gordon 0-0: Called Strike
0-1: Foul Ball, location: 2F
0-2: Ball
1-2: Strikes out swinging
Top of the 1st over - 2 run(s), 3 hit(s), 0 error(s), 2 left on base; Wisconsin Rapids 2 - Lee's Summit 0
BOTTOM OF THE 1ST
Lee's Summit Tigers batting - Pitching for Wisconsin Rapids Rangers : LHP Ron Huggins
Pitching: LHP Ron Huggins
Batting: RHB José López 0-0: Ball
1-0: Called Strike
1-1: DOUBLE (Line Drive, 78XD)
Batting: RHB Rusty Bennett 0-0: Ball
1-0: Ball
2-0: Ball
3-0: Base on Balls
Batting: LHB Edward Rose 0-0: Ball
1-0: Fly out, F7 (Flyball, 7D)
Runner from 2nd tags up, SAFE at 3rd, no throw
Batting: LHB José López 0-0: Ball
1-0: Ball
2-0: Ball
3-0: Called Strike
3-1: Called Strike
3-2: Foul Ball, location: 2F
3-2: Fly out, F9 (Flyball, 89XD)
Runner from 3rd tags up, SCORES, no throw
Batting: SHB Wayne Matthews 0-0: Ball
1-0: Foul Ball, location: 2F
1-1: DOUBLE (Line Drive, 7LD)
Rusty Bennett to third
Runner from 3rd tries for Home, SAFE, no throw or cutoff
Batting: RHB Steven Wright 0-0: Ball
1-0: Ball
2-0: Called Strike
2-1: Ball
3-1: Fly out, F7 (Flyball, 7M)
Bottom of the 1st over - 2 run(s), 2 hit(s), 0 error(s), 1 left on base; Wisconsin Rapids 2 - Lee's Summit 2
TOP OF THE 2ND
Wisconsin Rapids Rangers batting - Pitching for Lee's Summit Tigers : LHP Jeff Sandusky
Batting: LHB Dave Reynolds 0-0: Ball
1-0: Swinging Strike
1-1: Ground out 4-3 (Groundball, 4M)
Batting: SHB José González 0-0: Called Strike
0-1: Ball
1-1: Called Strike
1-2: SINGLE (Groundball, 56)
Batting: RHB Pedro Ramírez 0-0: Ball
José González is caught stealing 2nd base
1-0: Ground out 6-3 (Groundball, 56)
Top of the 2nd over - 0 run(s), 1 hit(s), 0 error(s), 0 left on base; Wisconsin Rapids 2 - Lee's Summit 2
BOTTOM OF THE 2ND
Lee's Summit Tigers batting - Pitching for Wisconsin Rapids Rangers : LHP Ron Huggins
Batting: RHB Augusto Pérez 0-0: Foul Ball, location: 2F
0-1: Foul Ball, location: 2F
0-2: SOLO HOME RUN (Line Drive, 7D), Distance : 354 ft
Batting: LHB Milo Powers 0-0: Called Strike
0-1: Ground out 3-1 (Groundball, 34S)
Batting: LHB Darren Holland 0-0: Called Strike
0-1: Ball
1-1: Ball
2-1: SINGLE (Groundball, 34D)
Batting: RHB José López 0-0: Ball
1-0: Called Strike
1-1: Fly out, F6 (Line Drive, 6M)
Batting: RHB Rusty Bennett 0-0: Ball
1-0: Ball
2-0: Called Strike
2-1: Fly out, F8 (Line Drive, 8RXD)
Bottom of the 2nd over - 1 run(s), 2 hit(s), 0 error(s), 1 left on base; Wisconsin Rapids 2 - Lee's Summit 3
TOP OF THE 3RD
Wisconsin Rapids Rangers batting - Pitching for Lee's Summit Tigers : LHP Jeff Sandusky
Batting: RHB Luis López 0-0: Ball
1-0: Called Strike
1-1: Foul Ball, location: 2F
1-2: Foul Ball, location: 2F
1-2: Strikes out swinging
Batting: RHB Juan García 0-0: Ball
1-0: Foul Ball, location: 2F
1-1: Ball
2-1: Foul Ball, location: 2F
2-2: Ball
3-2: Ground out 5-3 (Groundball, 56)
Batting: RHB Eric Thompson 0-0: Ground out 6-3 (Groundball, 6M)
Top of the 3rd over - 0 run(s), 0 hit(s), 0 error(s), 0 left on base; Wisconsin Rapids 2 - Lee's Summit 3
BOTTOM OF THE 3RD
Lee's Summit Tigers batting - Pitching for Wisconsin Rapids Rangers : LHP Ron Huggins
Batting: LHB Edward Rose 0-0: Ground out 4-3 (Groundball, 4)
Batting: LHB José López 0-0: Ball
1-0: Ball
2-0: Foul Ball, location: 2F
2-1: Foul Ball, location: 2F
2-2: Strikes out swinging
Batting: SHB Wayne Matthews 0-0: Called Strike
0-1: SINGLE (Groundball, 56)
Batting: RHB Steven Wright 0-0: Ball
1-0: Called Strike
1-1: Ball
2-1: Foul Ball, location: 2F
2-2: Fielders Choice at 2nd, 5-4 (Groundball, 5)
Bottom of the 3rd over - 0 run(s), 1 hit(s), 0 error(s), 0 left on base; Wisconsin Rapids 2 - Lee's Summit 3
TOP OF THE 4TH
Wisconsin Rapids Rangers batting - Pitching for Lee's Summit Tigers : LHP Jeff Sandusky
Batting: RHB Jesús Santos 0-0: Ball
1-0: Ball
2-0: Called Strike
2-1: Called Strike
2-2: Strikes out swinging
Batting: RHB Kevin Smith 0-0: Called Strike
0-1: Ball
1-1: Ball
2-1: Foul Ball, location: 2F
2-2: Strikes out looking
Batting: LHB Ronald Gordon 0-0: Called Strike
0-1: Foul Ball, location: 2F
0-2: Foul Ball, location: 2F
0-2: SINGLE (Line Drive, 8LS)
Pitching: RHP Luis López
Batting: LHB Dave Reynolds 0-0: Swinging Strike
0-1: Ground out 4-3 (Groundball, 4)
Top of the 4th over - 0 run(s), 1 hit(s), 0 error(s), 1 left on base; Wisconsin Rapids 2 - Lee's Summit 3
BOTTOM OF THE 4TH
Lee's Summit Tigers batting - Pitching for Wisconsin Rapids Rangers : LHP Ron Huggins
Batting: RHB Augusto Pérez 0-0: Called Strike
0-1: Ball
1-1: Ball
2-1: Ball
3-1: Base on Balls
Batting: LHB Milo Powers 0-0: Swinging Strike
0-1: DOUBLE (Line Drive, 9D)
Augusto Pérez to third
Batting: LHB Darren Holland 0-0: Ball
1-0: Ball
2-0: Ball
3-0: Base on Balls
Batting: RHB José López 0-0: Called Strike
0-1: Ball
1-1: Fly out, F9 (Flyball, 9M)
Batting: RHB Rusty Bennett 0-0: Ball
1-0: Ball
2-0: GRAND SLAM HOME RUN (Line Drive, 7LD), Distance : 339 ft
Batting: LHB Edward Rose 0-0: Called Strike
0-1: Ball
1-1: Ball
2-1: SINGLE (Line Drive, 4MD)
Batting: LHB José López 0-0: Ball
1-0: Ball
2-0: Called Strike
2-1: Ball
3-1: Foul Ball, location: 2F
3-2: Foul Ball, location: 2F
3-2: Base on Balls
Edward Rose to second
Batting: SHB Wayne Matthews 0-0: Called Strike
0-1: Grounds into double play, 6-4-3 (Groundball, 56)
Bottom of the 4th over - 4 run(s), 3 hit(s), 0 error(s), 1 left on base; Wisconsin Rapids 2 - Lee's Summit 7
TOP OF THE 5TH
Wisconsin Rapids Rangers batting - Pitching for Lee's Summit Tigers : RHP Luis López
Batting: SHB José González 0-0: Called Strike
0-1: Called Strike
0-2: Foul Ball, location: 2F
0-2: Strikes out swinging
Batting: RHB Pedro Ramírez 0-0: Fly out, F8 (Line Drive, 8LM)
Batting: RHB Luis López 0-0: Ball
1-0: Ball
2-0: Called Strike
2-1: Foul Ball, location: 2F
2-2: Fly out, F3 (Line Drive, 3)
Top of the 5th over - 0 run(s), 0 hit(s), 0 error(s), 0 left on base; Wisconsin Rapids 2 - Lee's Summit 7
BOTTOM OF THE 5TH
Lee's Summit Tigers batting - Pitching for Wisconsin Rapids Rangers : LHP Ron Huggins
Batting: RHB Steven Wright 0-0: Ball
1-0: Ball
2-0: Ball
3-0: Called Strike
3-1: Foul Ball, location: 2F
3-2: Strikes out swinging
Batting: RHB Augusto Pérez 0-0: Called Strike
0-1: Fly out, F8 (Flyball, 8RM)
Batting: LHB Milo Powers 0-0: Ball
1-0: Ball
2-0: Ball
3-0: Called Strike
3-1: SINGLE (Line Drive, 8RS)
Batting: LHB Darren Holland 0-0: Ball
1-0: Fly out, F8 (Flyball, 8LM)
Bottom of the 5th over - 0 run(s), 1 hit(s), 0 error(s), 1 left on base; Wisconsin Rapids 2 - Lee's Summit 7
TOP OF THE 6TH
Wisconsin Rapids Rangers batting - Pitching for Lee's Summit Tigers : RHP Luis López
Batting: RHB Juan García 0-0: Called Strike
0-1: Ball
1-1: Called Strike
1-2: Foul Ball, location: 2F
1-2: Foul Ball, location: 2F
1-2: Ball
2-2: Foul Ball, location: 2F
2-2: SOLO HOME RUN (Line Drive, 9D), Distance : 371 ft
Batting: RHB Eric Thompson 0-0: Called Strike
0-1: Ball
1-1: Called Strike
1-2: Ball
2-2: Strikes out looking
Batting: RHB Jesús Santos 0-0: Foul Ball, location: 2F
0-1: Fly out, F7 (Flyball, 7M)
Batting: RHB Kevin Smith 0-0: Called Strike
0-1: Fly out, F9 (Line Drive, 89M)
Top of the 6th over - 1 run(s), 1 hit(s), 0 error(s), 0 left on base; Wisconsin Rapids 3 - Lee's Summit 7
BOTTOM OF THE 6TH
Lee's Summit Tigers batting - Pitching for Wisconsin Rapids Rangers : LHP Ron Huggins
Batting: RHB José López 0-0: Ball
1-0: Ground out 5-3 (Groundball, 5)
Batting: RHB Rusty Bennett 0-0: Ball
1-0: Ball
2-0: Called Strike
2-1: SINGLE (Line Drive, 7LS)
Batting: LHB Edward Rose 0-0: Ball
1-0: Swinging Strike
1-1: Foul Ball, location: 2F
1-2: Ground out 6-3 (Groundball, 6MS)
Rusty Bennett to second
Batting: LHB José López 0-0: Intentional Walk
Batting: SHB Wayne Matthews 0-0: Ball
1-0: Ball
2-0: Called Strike
2-1: Foul Ball, location: 2F
2-2: Strikes out looking
Bottom of the 6th over - 0 run(s), 1 hit(s), 0 error(s), 2 left on base; Wisconsin Rapids 3 - Lee's Summit 7
TOP OF THE 7TH
Wisconsin Rapids Rangers batting - Pitching for Lee's Summit Tigers : RHP Luis López
Pitching: RHP Lester Williams
Batting: LHB Ronald Gordon 0-0: Foul Ball, location: 2F
0-1: Swinging Strike
0-2: Ball
1-2: Foul Ball, location: 2F
1-2: Foul Ball, location: 2F
1-2: Foul Ball, location: 2F
1-2: Ball
2-2: Ball
3-2: Base on Balls
Batting: LHB Dave Reynolds 0-0: Called Strike
0-1: Swinging Strike
0-2: Strikes out swinging
Batting: SHB José González 0-0: Ball
1-0: Ball
2-0: Called Strike
2-1: Foul Ball, location: 2F
2-2: Ball
3-2: Base on Balls
Ronald Gordon to second
Batting: RHB Pedro Ramírez 0-0: SINGLE (Line Drive, 34D)
Ronald Gordon to third
José González to second
Batting: RHB Luis López 0-0: Grounds into double play, 6-4-3 (Groundball, 6)
Top of the 7th over - 0 run(s), 1 hit(s), 0 error(s), 2 left on base; Wisconsin Rapids 3 - Lee's Summit 7
BOTTOM OF THE 7TH
Lee's Summit Tigers batting - Pitching for Wisconsin Rapids Rangers : LHP Ron Huggins
Batting: RHB Steven Wright 0-0: Called Strike
0-1: Ball
1-1: Foul Ball, location: 2F
1-2: Ball
2-2: Ground out 6-3 (Groundball, 6)
Batting: RHB Augusto Pérez 0-0: Ball
1-0: Ball
2-0: Ball
3-0: Called Strike
3-1: Swinging Strike
3-2: Base on Balls
Pitching: LHP Luis Cota
Batting: LHB Milo Powers 0-0: Called Strike
0-1: Called Strike
0-2: Foul Ball, location: 2F
0-2: Grounds into double play, 1-4-3 (Groundball, 15)
Bottom of the 7th over - 0 run(s), 0 hit(s), 0 error(s), 0 left on base; Wisconsin Rapids 3 - Lee's Summit 7
TOP OF THE 8TH
Wisconsin Rapids Rangers batting - Pitching for Lee's Summit Tigers : RHP Lester Williams
Batting: RHB Juan García 0-0: Called Strike
0-1: Ball
1-1: Foul Ball, location: 2F
1-2: Ball
2-2: Strikes out swinging
Batting: RHB Eric Thompson 0-0: Ball
1-0: Ball
2-0: Ball
3-0: Base on Balls
Batting: RHB Jesús Santos 0-0: Called Strike
0-1: Swinging Strike
0-2: Ball
1-2: Ball
2-2: Ground out 5-3 (Groundball, 5S)
Eric Thompson to second
Batting: RHB Kevin Smith 0-0: Fly out, F9 (Popup, 4D)
Top of the 8th over - 0 run(s), 0 hit(s), 0 error(s), 1 left on base; Wisconsin Rapids 3 - Lee's Summit 7
BOTTOM OF THE 8TH
Lee's Summit Tigers batting - Pitching for Wisconsin Rapids Rangers : LHP Luis Cota
Batting: LHB Darren Holland 0-0: SINGLE (Line Drive, 34)
Batting: RHB José López 0-0: Sac Bunt - play at first, batter safe!
Darren Holland to second
Batting: RHB Rusty Bennett 0-0: Ball
Darren Holland steals 3rd base
José López to second
1-0: Ball
2-0: Ball
3-0: Base on Balls
Batting: LHB Edward Rose 0-0: Called Strike
0-1: Fly out, F8 (Flyball, 8LXD)
Runner from 3rd tags up, SCORES, no throw
Batting: LHB José López 0-0: Ball
1-0: Called Strike
1-1: Ball
2-1: Swinging Strike
2-2: Strikes out swinging
Batting: SHB Wayne Matthews 0-0: Called Strike
0-1: SINGLE (Line Drive, 7S)
José López to third
Rusty Bennett to second
Runner from 3rd tries for Home, SAFE, no throw or cutoff
Batting: RHB Steven Wright 0-0: Foul Ball, location: 2F
0-1: Ball
1-1: Fly out, F5 (Popup, 5F)
Bottom of the 8th over - 2 run(s), 3 hit(s), 0 error(s), 2 left on base; Wisconsin Rapids 3 - Lee's Summit 9
TOP OF THE 9TH
Wisconsin Rapids Rangers batting - Pitching for Lee's Summit Tigers : RHP Lester Williams
Batting: LHB Ronald Gordon 0-0: Ball
1-0: Swinging Strike
1-1: Ball
2-1: Ball
3-1: Base on Balls
Batting: LHB Dave Reynolds 0-0: Foul Ball, location: 2F
0-1: Ball
1-1: Swinging Strike
1-2: Strikes out swinging
Batting: SHB José González 0-0: Ball
1-0: Ball
2-0: Called Strike
2-1: Fly out, F8 (Line Drive, 78S)
Batting: RHB Pedro Ramírez 0-0: Foul Ball, location: 2F
0-1: DOUBLE (Line Drive, 7LS)
Ronald Gordon to third
Runner from 3rd tries for Home, SAFE, no throw or cutoff
Pitching: RHP Alejandro Longoria
Batting: RHB Luis López 0-0: Called Strike
0-1: Ball
1-1: Swinging Strike
1-2: Ball
2-2: Strikes out swinging
Top of the 9th over - 1 run(s), 1 hit(s), 0 error(s), 1 left on base; Wisconsin Rapids 4 - Lee's Summit 9
Monday, December 5th, 2016 - OOTP Baseball 17.12 Build 75